3L
SEATTLE ROCKETEERS @ VANCOUVER GREY WOLVES
09/04/2042
 
TOP OF THE 1ST
Seattle Rocketeers batting - Pitching for Vancouver Grey Wolves : RHP Alain Arnaud
Pitching: RHP Alain Arnaud
Batting: SHB Lodd Felton 0-0: Ball
1-0: Ball
2-0: Called Strike
2-1: Ball
3-1: Foul Ball, location: 2F
3-2: Foul Ball, location: 2F
3-2: Base on Balls
Batting: LHB Manoo Satyavrat 0-0: Ball
1-0: Called Strike
Lodd Felton steals 2nd base
1-1: Foul Ball, location: 2F
1-2: Ball
2-2: Ground out 1-3 (Groundball, 13, EV 67.5 MPH)
Lodd Felton to third
Batting: RHB Gah-fat Liu 0-0: Ball
1-0: Called Strike
1-1: Ball
2-1: Fly out, F6 (Line Drive, 6, EV 70.0 MPH)
Batting: RHB Jason Slaybaugh 0-0: Called Strike
0-1: Ball
1-1: Foul Ball, location: 2F
1-2: Foul Ball, location: 2F
1-2: Ball
2-2: SINGLE (Flyball, 34D, EV 91.2 MPH)
Lodd Felton scores
Batting: RHB Jur Prokop 0-0: Ball
1-0: Fly out, F8 (Flyball, 8LM, EV 74.4 MPH)
Top of the 1st over - 1 run, 1 hit, 0 errors, 1 left on base; Seattle 1 - Vancouver 0
BOTTOM OF THE 1ST
Vancouver Grey Wolves batting - Pitching for Seattle Rocketeers : LHP Virgil Dickerson
Pitching: LHP Virgil Dickerson
Batting: RHB José Torres 0-0: Called Strike
0-1: Swinging Strike
0-2: Ball
1-2: Ball
2-2: Foul Ball, location: 2F
2-2: Strikes out swinging
Batting: RHB Ray Skipworth 0-0: Called Strike
0-1: Called Strike
0-2: Ground out 4-3 (Groundball, 4, EV 105.6 MPH)
Batting: LHB Cameron Woolever 0-0: Called Strike
0-1: Ball
1-1: Fly out, F7 (Flyball, 78M, EV 76.2 MPH)
Bottom of the 1st over - 0 runs, 0 hits, 0 errors, 0 left on base; Seattle 1 - Vancouver 0
TOP OF THE 2ND
Seattle Rocketeers batting - Pitching for Vancouver Grey Wolves : RHP Alain Arnaud
Batting: SHB Yasuhiko Onishi 0-0: Ball
1-0: Called Strike
1-1: Fly out, F7 (Flyball, 7D, EV 101.2 MPH)
Batting: RHB Guy Toussaint 0-0: Ball
1-0: Ball
2-0: Called Strike
2-1: Ball
3-1: Called Strike
3-2: SINGLE (Line Drive, 6D, EV 102.5 MPH)
Batting: LHB Ken Norris 0-0: Ball
1-0: Swinging Strike
1-1: Ball
2-1: Ball
3-1: Called Strike
3-2: Base on Balls
Guy Toussaint to second
Batting: RHB Alain Grosjean 0-0: Foul Ball, location: 2F
0-1: Fly out, F9 (Flyball, 9S, EV 88.8 MPH)
Batting: SHB Lodd Felton 0-0: Ball
1-0: Fly out, F7 (Flyball, 78XD, EV 93.8 MPH)
Top of the 2nd over - 0 runs, 1 hit, 0 errors, 2 left on base; Seattle 1 - Vancouver 0
BOTTOM OF THE 2ND
Vancouver Grey Wolves batting - Pitching for Seattle Rocketeers : LHP Virgil Dickerson
Batting: RHB Rafael Maldonado 0-0: Ball
1-0: Swinging Strike
1-1: Ball
2-1: Ball
3-1: Called Strike
3-2: Base on Balls
Batting: RHB Kao-tsu Koo 0-0: Ball
1-0: SINGLE (Groundball, 6MD, EV 97.5 MPH)
Rafael Maldonado to second
Runner from 2nd tries for 3rd, SAFE, throw by CF made to third
Batting: LHB Javier Caceres 0-0: Called Strike
0-1: Called Strike
0-2: Ball
1-2: Fielders Choice at 2nd, 4-6 (Groundball, 4, EV 105.6 MPH)
Rafael Maldonado scores
Batting: SHB Willie McGirt 0-0: Ball
1-0: Called Strike
1-1: Swinging Strike
1-2: Ball
2-2: Ball
3-2: Base on Balls
Javier Caceres to second
Batting: SHB John Hawley 0-0: Foul Ball, location: 2F
0-1: Ball
Passed Ball!
Javier Caceres to third
Willie McGirt to second
1-1: Ball
2-1: Foul Ball, location: 2F
2-2: SINGLE (Groundball, 6D, EV 106.2 MPH)
Javier Caceres scores
Willie McGirt to third
Runner from 3rd tries for Home, SAFE, throw by CF to home
Batting: RHB David Stone 0-0: Ball
1-0: Called Strike
1-1: Foul Ball, location: 2F
1-2: Ball
2-2: Foul Ball, location: 2F
2-2: SINGLE (Flyball, 9LS, EV 90.0 MPH)
John Hawley to second
John Hawley to third
Batting: RHB José Torres 0-0: Ball
1-0: Called Strike
1-1: Ball
2-1: Fielders Choice at 2nd, 1-4 (Groundball, 15, EV 85.6 MPH)
Batting: RHB Ray Skipworth 0-0: Foul Ball, location: 2F
0-1: Ball
1-1: Foul Ball, location: 2F
1-2: Foul Ball, location: 2F
1-2: Ball
2-2: Ball
3-2: Foul Ball, location: 2F
3-2: Ground out 5-3 (Groundball, 56, EV 101.2 MPH)
Bottom of the 2nd over - 3 runs, 3 hits, 0 errors, 2 left on base; Seattle 1 - Vancouver 3
TOP OF THE 3RD
Seattle Rocketeers batting - Pitching for Vancouver Grey Wolves : RHP Alain Arnaud
Batting: LHB Manoo Satyavrat 0-0: Ball
1-0: Ground out U3 (Groundball, 3L, EV 110.0 MPH)
Batting: RHB Gah-fat Liu 0-0: Ball
1-0: Foul Ball, location: 2F
1-1: Ground out U3 (Groundball, 3S, EV 82.5 MPH)
Batting: RHB Jason Slaybaugh 0-0: Swinging Strike
0-1: Foul Ball, location: 2F
0-2: Ball
1-2: Foul Ball, location: 2F
1-2: Ball
2-2: SOLO HOME RUN (Flyball, 7LD, EV 91.9 MPH), Distance : 330 ft
Batting: RHB Jur Prokop 0-0: Foul Ball, location: 2F
0-1: Ball
1-1: Ball
2-1: Ball
3-1: Base on Balls
Batting: SHB Yasuhiko Onishi 0-0: Ball
1-0: Called Strike
1-1: Ball
2-1: Foul Ball, location: 2F
2-2: Strikes out swinging
Top of the 3rd over - 1 run, 1 hit, 0 errors, 1 left on base; Seattle 2 - Vancouver 3
BOTTOM OF THE 3RD
Vancouver Grey Wolves batting - Pitching for Seattle Rocketeers : LHP Virgil Dickerson
Batting: LHB Cameron Woolever 0-0: Called Strike
0-1: Ball
1-1: Foul Ball, location: 2F
1-2: SINGLE (Groundball, 4D, EV 96.9 MPH)
Batting: RHB Rafael Maldonado 0-0: Called Strike
0-1: Ball
1-1: Ball
2-1: Fielders Choice at 2nd, 6-4 (Groundball, 6, EV 81.2 MPH)
Batting: RHB Kao-tsu Koo 0-0: Ball
1-0: Ball
2-0: Called Strike
2-1: Called Strike
2-2: Foul Ball, location: 2F
2-2: Strikes out swinging
Batting: LHB Javier Caceres 0-0: Ball
1-0: Ball
2-0: Ball
3-0: Called Strike
3-1: Base on Balls
Rafael Maldonado to second
Batting: SHB Willie McGirt 0-0: Ball
1-0: Swinging Strike
1-1: Called Strike
1-2: Strikes out swinging
Bottom of the 3rd over - 0 runs, 1 hit, 0 errors, 2 left on base; Seattle 2 - Vancouver 3
TOP OF THE 4TH
Seattle Rocketeers batting - Pitching for Vancouver Grey Wolves : RHP Alain Arnaud
Batting: RHB Guy Toussaint 0-0: Swinging Strike
0-1: Foul Ball, location: 2F
0-2: SINGLE (Line Drive, 3D, EV 108.1 MPH)
Batting: LHB Ken Norris 0-0: SINGLE (Groundball, 4MD, EV 106.2 MPH)
Guy Toussaint to second
Runner from 2nd tries for 3rd, OUT! 8-5
Batting: RHB Alain Grosjean 0-0: 2-RUN HOME RUN (Flyball, 7LD, EV 106.2 MPH), Distance : 341 ft
Batting: SHB Lodd Felton 0-0: Bunt for hit to 5S - play at first, batter safe!
Batting: LHB Manoo Satyavrat 0-0: Ball
Lodd Felton steals 2nd base
1-0: Ball
2-0: Ball
3-0: Called Strike
3-1: Foul Ball, location: 2F
3-2: Fly out, F8 (Flyball, 8RD, EV 93.1 MPH)
Batting: RHB Gah-fat Liu 0-0: Called Strike
0-1: Swinging Strike
0-2: Ball
1-2: Fly out, F9 (Flyball, 9S, EV 85.6 MPH)
Top of the 4th over - 2 runs, 4 hits, 0 errors, 1 left on base; Seattle 4 - Vancouver 3
BOTTOM OF THE 4TH
Vancouver Grey Wolves batting - Pitching for Seattle Rocketeers : LHP Virgil Dickerson
Batting: SHB John Hawley 0-0: Ball
1-0: Ball
2-0: Swinging Strike
2-1: Foul Ball, location: 2F
2-2: Ball
3-2: Foul Ball, location: 2F
3-2: Base on Balls
Batting: RHB David Stone 0-0: Ball
1-0: Ball
2-0: Ball
3-0: Base on Balls
John Hawley to second
Batting: RHB José Torres 0-0: Ball
1-0: Called Strike
1-1: Reached on error, E8 (Line Drive, 8RM, EV 93.8 MPH)
John Hawley to third
David Stone to second
Batting: RHB Ray Skipworth 0-0: Ball
1-0: Swinging Strike
1-1: Ball
2-1: Ball
3-1: Fly out, F8 (Flyball, 8RXD, EV 105.0 MPH)
Runner from 3rd tags up, SCORES, no throw by CF
Batting: LHB Cameron Woolever 0-0: Swinging Strike
0-1: Ball
1-1: Ball
2-1: SINGLE (Groundball, 3, EV 83.8 MPH) (infield hit)
David Stone to third
José Torres to second
Batting: RHB Rafael Maldonado 0-0: Called Strike
0-1: Ball
1-1: GRAND SLAM HOME RUN (Flyball, 7D, EV 92.5 MPH), Distance : 358 ft
Pitching: LHP Hermenegildo Beliago
Batting: RHB Kao-tsu Koo 0-0: Fly out, F8 (Flyball, 8LS, EV 91.2 MPH)
Batting: LHB Javier Caceres 0-0: Ball
1-0: Ball
2-0: Swinging Strike
2-1: Foul Ball, location: 2F
2-2: Foul Ball, location: 2F
2-2: Foul Ball, location: 2F
2-2: Ground out U3 (Groundball, 3, EV 109.4 MPH)
Bottom of the 4th over - 5 runs, 2 hits, 1 error, 0 left on base; Seattle 4 - Vancouver 8
TOP OF THE 5TH
Seattle Rocketeers batting - Pitching for Vancouver Grey Wolves : RHP Alain Arnaud
Batting: RHB Jason Slaybaugh 0-0: Ball
1-0: Ball
2-0: Ball
3-0: Called Strike
3-1: Base on Balls
Batting: RHB Jur Prokop 0-0: Ball
1-0: Ball
2-0: Ball
3-0: Called Strike
3-1: Fly out, F9 (Flyball, 89M, EV 80.6 MPH)
Batting: SHB Yasuhiko Onishi 0-0: Called Strike
0-1: Fly out, F6 (Popup, 6MS, EV 76.9 MPH)
Pitching: RHP Yoshii Ikeda
Batting: RHB Guy Toussaint 0-0: Ball
1-0: Ball
2-0: Called Strike
2-1: Foul Ball, location: 2F
2-2: Strikes out swinging
Top of the 5th over - 0 runs, 0 hits, 0 errors, 1 left on base; Seattle 4 - Vancouver 8
BOTTOM OF THE 5TH
Vancouver Grey Wolves batting - Pitching for Seattle Rocketeers : LHP Hermenegildo Beliago
Batting: SHB Willie McGirt 0-0: Ball
1-0: Ball
2-0: Foul Ball, location: 2F
2-1: Foul Ball, location: 2F
2-2: Ball
3-2: Ground out 6-3 (Groundball, 6, EV 85.0 MPH)
Batting: SHB John Hawley 0-0: Called Strike
0-1: Ball
1-1: Reached on error, E6 (Groundball, 6, EV 86.2 MPH)
Batting: RHB David Stone 0-0: SINGLE (Groundball, 6MD, EV 98.8 MPH)
John Hawley to second
Runner from 2nd tries for 3rd, SAFE, no throw by CF
Batting: RHB José Torres 0-0: Ball
1-0: Ball
2-0: Ball
3-0: Called Strike
3-1: Foul Ball, location: 2F
3-2: Grounds into double play, 6-4-3 (Groundball, 6M, EV 103.1 MPH)
Bottom of the 5th over - 0 runs, 1 hit, 1 error, 1 left on base; Seattle 4 - Vancouver 8
TOP OF THE 6TH
Seattle Rocketeers batting - Pitching for Vancouver Grey Wolves : RHP Yoshii Ikeda
Batting: LHB Ken Norris 0-0: Ground out 4-3 (Groundball, 34, EV 91.9 MPH)
Batting: RHB Alain Grosjean 0-0: Called Strike
0-1: Ball
1-1: Ball
2-1: Ball
3-1: Called Strike
3-2: SINGLE (Groundball, 34, EV 93.1 MPH) (infield hit)
Batting: SHB Lodd Felton 0-0: Called Strike
0-1: Ball
1-1: Swinging Strike
1-2: Ball
2-2: Strikes out swinging
Batting: LHB Manoo Satyavrat 0-0: Ball
1-0: Ball
2-0: Called Strike
2-1: Ball
3-1: SINGLE (Flyball, 9S, EV 88.1 MPH)
Alain Grosjean to second
Runner from 2nd tries for 3rd, SAFE, no throw by RF
Batting: RHB Gah-fat Liu 0-0: Called Strike
0-1: Foul Ball, location: 2F
0-2: Ball
1-2: Ball
2-2: Foul Ball, location: 2F
2-2: DOUBLE (Flyball, 8RXD, EV 104.4 MPH)
Alain Grosjean scores
Manoo Satyavrat to third
Batting: RHB Jason Slaybaugh 0-0: Ball
1-0: Called Strike
1-1: Foul Ball, location: 2F
1-2: Ground out 6-3 (Groundball, 6, EV 83.1 MPH)
Top of the 6th over - 1 run, 3 hits, 0 errors, 2 left on base; Seattle 5 - Vancouver 8
BOTTOM OF THE 6TH
Vancouver Grey Wolves batting - Pitching for Seattle Rocketeers : LHP Hermenegildo Beliago
Batting: RHB Ray Skipworth 0-0: Fly out, F8 (Line Drive, 8RD, EV 94.4 MPH)
Batting: LHB Cameron Woolever 0-0: Called Strike
0-1: Ball
1-1: Ground out 4-3 (Groundball, 4, EV 99.4 MPH)
Batting: RHB Rafael Maldonado 0-0: Foul Ball, location: 2F
0-1: Foul Ball, location: 2F
0-2: Ball
1-2: Ball
2-2: Ground out 5-3 (Groundball, 56S, EV 69.4 MPH)
Bottom of the 6th over - 0 runs, 0 hits, 0 errors, 0 left on base; Seattle 5 - Vancouver 8
TOP OF THE 7TH
Seattle Rocketeers batting - Pitching for Vancouver Grey Wolves : RHP Yoshii Ikeda
Batting: RHB Jur Prokop 0-0: Called Strike
0-1: Ball
1-1: Ball
2-1: Ground out U3 (Groundball, 3L, EV 98.1 MPH)
Batting: SHB Yasuhiko Onishi 0-0: Ball
1-0: Ground out U3 (Groundball, 3, EV 85.6 MPH)
Batting: RHB Guy Toussaint 0-0: Fly out, F8 (Line Drive, 8RD, EV 88.8 MPH)
Top of the 7th over - 0 runs, 0 hits, 0 errors, 0 left on base; Seattle 5 - Vancouver 8
BOTTOM OF THE 7TH
Vancouver Grey Wolves batting - Pitching for Seattle Rocketeers : LHP Hermenegildo Beliago
Batting: RHB Kao-tsu Koo 0-0: SINGLE (Flyball, 78S, EV 95.6 MPH)
Batting: LHB Javier Caceres 0-0: Ball
1-0: Swinging Strike
1-1: Called Strike
1-2: Fly out, F5 (Popup, 5S, EV 71.2 MPH)
Batting: SHB Willie McGirt 0-0: Foul Ball, location: 2F
0-1: Ball
1-1: Foul Ball, location: 2F
1-2: Ball
2-2: Fielders Choice at 2nd, 6-4 (Groundball, 6, EV 100.0 MPH)
Batting: SHB John Hawley 0-0: Ground out 2-3 (Groundball, 15S, EV 70.0 MPH)
Bottom of the 7th over - 0 runs, 1 hit, 0 errors, 1 left on base; Seattle 5 - Vancouver 8
TOP OF THE 8TH
Seattle Rocketeers batting - Pitching for Vancouver Grey Wolves : RHP Yoshii Ikeda
Pitching: RHP Terry Lesage
Now at C: Jimmy Scott
Now at 1B: Phil van Oosterom
Now at 3B: Alejandro Cantú
Batting: LHB Ken Norris 0-0: Foul Ball, location: 2F
0-1: Swinging Strike
0-2: Strikes out swinging
Batting: RHB Alain Grosjean 0-0: Ball
1-0: Ball
2-0: Ball
3-0: Called Strike
3-1: Fly out, F7 (Flyball, 7, EV 90.0 MPH)
Batting: SHB Lodd Felton 0-0: Ball
1-0: Called Strike
1-1: Ball
2-1: Ground out 4-3 (Groundball, 4S, EV 88.1 MPH)
Top of the 8th over - 0 runs, 0 hits, 0 errors, 0 left on base; Seattle 5 - Vancouver 8
BOTTOM OF THE 8TH
Vancouver Grey Wolves batting - Pitching for Seattle Rocketeers : LHP Hermenegildo Beliago
Batting: RHB David Stone 0-0: Swinging Strike
0-1: Ball
1-1: Called Strike
1-2: Ball
2-2: Strikes out swinging
Batting: RHB José Torres 0-0: Ground out 5-3 (Groundball, 56, EV 84.4 MPH)
Batting: RHB Ray Skipworth 0-0: Ball
1-0: Ground out 6-3 (Groundball, 6, EV 103.1 MPH)
Bottom of the 8th over - 0 runs, 0 hits, 0 errors, 0 left on base; Seattle 5 - Vancouver 8
TOP OF THE 9TH
Seattle Rocketeers batting - Pitching for Vancouver Grey Wolves : RHP Terry Lesage
Batting: LHB Manoo Satyavrat 0-0: Called Strike
0-1: Foul Ball, location: 2F
0-2: Ball
1-2: Strikes out looking
Batting: RHB Gah-fat Liu 0-0: Ball
1-0: Swinging Strike
1-1: Ball
2-1: DOUBLE (Line Drive, 9LD, EV 106.2 MPH)
Batting: RHB Jason Slaybaugh 0-0: Called Strike
0-1: Ball
1-1: Ball
2-1: Foul Ball, location: 2F
2-2: SINGLE (Groundball, 5D, EV 101.2 MPH)
Gah-fat Liu to third
Batting: RHB Jur Prokop 0-0: Foul Ball, location: 2F
0-1: Ball
1-1: Foul Ball, location: 2F
1-2: Foul Ball, location: 2F
1-2: Strikes out swinging
Pinch Hitting: RHB Mathew Mayo 0-0: Fly out, F8 (Flyball, 78D, EV 101.2 MPH)
Top of the 9th over - 0 runs, 2 hits, 0 errors, 2 left on base; Seattle 5 - Vancouver 8
Friday, March 26th, 2021 - OOTP Baseball 20.8 Build 74